 Dungeon Crawl Stone Soup version 0.18-a0-1120-g03bd624 (console) character file.

185 FIQ the Firebug (level 5, -5/28 HPs)
             Began as a Deep Elf Fire Elementalist on Jan 18, 2016.
             Slain by Grinder (6 damage)
             ... on level 3 of the Dungeon.
             The game lasted 00:10:54 (2204 turns).

FIQ the Firebug (Deep Elf Fire Elementalist)        Turns: 2204, Time: 00:10:54

Health: -5/28      AC:  2    Str:  5    XL:     5   Next: 37%
Magic:  8/13       EV: 14    Int: 21    God:
Gold:   75         SH:  0    Dex: 15    Spells: 1 memorised, 11 levels left

rFire  . . .     SeeInvis .     k - +0 dagger (venom)
rCold  . . .     Gourm    .     a - +0 robe
rNeg   . . .     Faith    .     (no shield)
rPois  .         Spirit   .     (no helmet)
rElec  .         Dismiss  .     (no cloak)
rCorr  .         Reflect  .     (no gloves)
SustAt .         Harm     .     (no boots)
MR     .....                    e - amulet of magic regeneration
Stlth  ++........               (no ring)
                                (no ring)

@: not resistant to hostile enchantments, unstealthy
A: no striking features
a: no special abilities


You were on level 3 of the Dungeon.
You were not hungry.

You visited 1 branch of the dungeon, and saw 3 of its levels.

You collected 75 gold pieces.

Inventory:

Hand Weapons
 k - a +0 dagger of venom (weapon)
Armour
 a - a +0 robe (worn)
Jewellery
 e - an amulet of magic regeneration (around neck)
Scrolls
 d - 2 scrolls of enchant armour {unknown}
 o - a scroll of magic mapping {unknown}
 p - 2 scrolls of fog {unknown}
 q - a scroll of remove curse {unknown}
 r - a scroll of identify {unknown}
Potions
 f - a potion of haste {unknown}
 g - 2 potions of invisibility {unknown}
 h - 2 potions of curing {unknown}
 j - a potion of cure mutation {unknown}
 l - a potion of mutation {unknown}
Books
 b - a book of Flames

   Spells                             Type                      Level
   a - Flame Tongue                   Conjuration/Fire             1
   b - Throw Flame                    Conjuration/Fire             2
   c - Conjure Flame                  Conjuration/Fire             3
   d - Inner Flame                    Hexes/Fire                   3
   e - Sticky Flame                   Conjuration/Fire             4
   f - Fireball                       Conjuration/Fire             5
Comestibles
 c - 3 bread rations
 i - a beef jerky
 m - a slice of pizza
 n - 4 meat rations


   Skills:
 + Level 4.2 Dodging
 - Level 2.4 Stealth
 + Level 4.2 Spellcasting
 + Level 2.7 Conjurations
 + Level 4.5 Fire Magic


You had 11 spell levels left.
You knew the following spells:

 Your Spells              Type           Power        Failure   Level  Hunger
a - Flame Tongue          Conj/Fire      ###..        2%          1    None


Dungeon Overview and Level Annotations

Branches:
Dungeon (3/15)

Altars:
Ashenzari
Makhleb
Pakellas

Annotations:
D:3 Grinder


Message History

Grinder is almost dead.
Grinder hits you.
* * * LOW HITPOINT WARNING * * *
You writhe in agony.
* * * LOW HITPOINT WARNING * * *
Casting: Flame Tongue
Confirm with . or Enter, or press ? or * to list all spells.
Aiming: Flame Tongue
Press: ? - help, Shift-Dir - straight line, f/p - Grinder
Aim: Grinder (almost dead)
The flame tongue misses Grinder.
Grinder misses you.
Casting: Flame Tongue
Confirm with . or Enter, or press ? or * to list all spells.
Aiming: Flame Tongue
Press: ? - help, Shift-Dir - straight line, f/p - Grinder
Aim: Grinder (almost dead)
The flame tongue hits Grinder.
Grinder is almost dead.
Grinder hits you.
You die...

#############
#....>......#
##.##.#.####(#
########....###.....#
.........#.## ##@#..#
.#.#####...<###5##..#
.#.# ##.#..#.###..#
.#.# #.#.........# .#.#
#.#######...# †#.#
#...........# ...#
#########..## #..##
#..####
#...#############.....#
............##....###.#
......#####.
#.######.##


You could see Grinder.

Vanquished Creatures
  A giant frog (D:3)
  A hound (D:2)
  4 adders
  An ooze (D:2)
  A worm (D:3)
  A giant gecko (D:1)
  A ball python (D:1)
  6 giant cockroaches
  6 goblins
  3 hobgoblins
  2 jackals (D:3)
  5 bats
  2 giant newts
  9 kobolds
  2 rats (D:1)
45 creatures vanquished.

Vanquished Creatures (others)
  A lightning spire (D:2)
  2 bushes (D:2)
3 creatures vanquished.

Grand Total: 48 creatures vanquished

Notes
Turn   | Place    | Note
--------------------------------------------------------------
     0 | D:1      | FIQ the Deep Elf Fire Elementalist began the quest for the Orb.
     0 | D:1      | Reached XP level 1. HP: 10/10 MP: 6/6
   343 | D:1      | Reached XP level 2. HP: 15/15 MP: 6/8
   802 | D:1      | Reached XP level 3. HP: 19/19 MP: 8/10
  1151 | D:2      | Reached skill level 4 in Fire Magic
  1272 | D:2      | Reached XP level 4. HP: 24/24 MP: 5/11
  1392 | D:2      | Found an oddly glowing altar of Pakellas.
  1393 | D:2      | Noticed a gargoyle
  1433 | D:2      | Found a burning altar of Makhleb.
  1870 | D:3      | Found a shattered altar of Ashenzari.
  2009 | D:3      | Noticed a giant frog
  2015 | D:3      | Killed a giant frog
  2015 | D:3      | Reached XP level 5. HP: 18/28 MP: 7/13
  2197 | D:3      | Noticed Grinder
  2202 | D:3      | HP: 1/28 [Grinder (5)]
  2204 | D:3      | Slain by Grinder

Vault maps used:
D:1:      dpeg_arrival_pits, minmay_misc_feat_five
D:2:      makhleb_heckhound_becter, first_bread,
          gammafunk_pakellas_spire_experiment
D:3:      overflow_temple_1_default, uniq_grinder

Action                   |  1- 3 |  4- 6 || total
-------------------------+-------+-------++-------
Melee: Unarmed           |    10 |       ||    10
 Cast: Flame Tongue      |    64 |    40 ||   104
  Eat: Chunk             |     1 |     3 ||     4
